 Dungeon Crawl Stone Soup version 0.25.1-2-g60ff931 (webtiles) character file.

Game seed: 15065797580302930191

362 CageOfCrows the Shield-Bearer (level 6, -2/47 HPs)
             Began as a Human Fighter on Aug 12, 2020.
             Killed from afar by Sigmund (9 damage)
             ... with a puff of flame
             ... on level 3 of the Dungeon.
             The game lasted 00:28:30 (2912 turns).

CageOfCrows the Shield-Bearer (Human Fighter)       Turns: 2912, Time: 00:28:30

Health: -2/47      AC:  9    Str: 18    XL:     6   Next: 99%
Magic:  6/6        EV:  8    Int:  9    God:
Gold:   114        SH:  9    Dex: 12    Spells: 5/5 levels left

rFire    . . .     SeeInvis .   t - +3 mace (protect) {dead}
rCold    . . .     Gourm    .   c - +0 kite shield
rNeg     . . .     Faith    .   b - +0 scale mail
rPois    .         Spirit   .   (no helmet)
rElec    .         Reflect  .   a - +0 cloak
rCorr    .         Harm     .   q - +0 pair of gloves
MR       .....                  (no boots)
Stlth    ..........             (no amulet)
HPRegen  0.15/turn              (no ring)
MPRegen  0.10/turn              (no ring)

@: no status effects
A: no striking features
a: no special abilities


You were on level 3 of the Dungeon.
You were not hungry.

You visited 1 branch of the dungeon, and saw 6 of its levels.

You collected 114 gold pieces.

Inventory:

Hand Weapons
 g - a +0 hunting sling
 t - a +3 mace of protection (weapon) {dead}
Missiles
 e - 36 stones
 i - 6 atropa-tipped darts
 n - 10 boomerangs (quivered)
 p - 18 arrows
Armour
 a - a +0 cloak (worn)
 b - a +0 scale mail (worn)
 c - a +0 kite shield (worn)
 q - a +0 pair of gloves (worn)
Jewellery
 u - a +6 ring of strength {unknown}
Scrolls
 o - a scroll of fog
 s - 2 scrolls of enchant weapon
 v - a scroll of remove curse
 y - a scroll of blinking {unknown}
Potions
 d - 2 potions of might
 h - a potion of degeneration {unknown}
 j - a potion of resistance {unknown}
 k - a potion of mutation {unknown}
 l - 2 potions of brilliance
Comestibles
 f - 6 rations
 r - 7 chunks of flesh


   Skills:
 + Level 3.6 Fighting
   Level 3.0 Long Blades
 + Level 2.1 Maces & Flails
 + Level 1.7 Throwing
 + Level 4.1 Armour
 + Level 1.7 Dodging
 + Level 1.1 Stealth
 + Level 4.1 Shields


You had 5 spell levels left.
You didn't know any spells.
Your spell library contained the following spells:

 Spells                   Type           Power        Failure   Level  Hunger
 Confusing Touch          Hex            #.......     100%        3    ####...
 Gell's Gravitas          Tloc           #.........   100%        3    ####...
 Petrify                  Tmut/Erth      #.......     100%        4    #####..
 Metabolic Englaciation   Hex/Ice        #.........   100%        5    ######.
 Yara's Violent Unravell  Hex/Tmut       #.........   100%        5    ######.


Dungeon Overview and Level Annotations

Branches:
Dungeon (6/15)
 Temple: D:4-7

Altars:
Xom
The Shining One

Annotations:
D:3 Sigmund


Message History

You throw a boomerang. The boomerang barely misses Sigmund.
Sigmund mumbles some strange words.
Sigmund flickers and vanishes!
Deactivating autopickup; reactivate with Ctrl-A.
Something tries to affect you, but you resist.
This spell is impossible to cast!
Memorise Metabolic Englaciation, consuming 5 spell levels and leaving 0?
You start memorising the spell.
You continue memorising. x2
Something hits you.
Your memorisation is interrupted.
* * * LOW HITPOINT WARNING * * *
A magic dart appears from out of thin air!
The magic dart hits you.
* * * LOW HITPOINT WARNING * * *
Okay, then.
Unknown command.
This spell is impossible to cast!
Memorise Yara's Violent Unravelling, consuming 5 spell levels and leaving 0?
A puff of flame appears from out of thin air!
Your memorisation is interrupted.
The puff of flame hits you!
You die...

************#..<....))......#
* #{#)...##.##.##.# *
#.##.#.##.#*,**,* *
#{##.#.##.#*,**,* *
##.##.#)##.#*,**,* *
###...#.#.##.##,*#,* *
#.......(.##.##.##.* *
#>#...#.####.##....##### *
#.##.##@# #.#***#....>.
******** #,,#.##.# #.#
####.###
,,,,,,,***,*..##.#**#.#
#.......
******,,,,*##.....,*#.#
#.......
*****,*......,,..####.^.....
**,######.,............. *,*
*..######....>.. *,* *..*
#....... *,* *..* #.......


There were no monsters in sight!

Vanquished Creatures
  A howler monkey (D:4)
  An orc wizard (D:3)
  5 worker ants (D:4)
  A hound skeleton (D:4)
  6 gnolls (D:3)
  4 adders
  A worm (D:4)
  3 leopard geckos
  8 orcs
  A ball python (D:4)
  6 bats
  4 giant cockroaches
  3 goblins
  8 hobgoblins
  A quokka (D:3)
  5 frilled lizards
  4 kobolds
  4 rats
66 creatures vanquished.

Notes
Turn   | Place    | Note
-------+----------+-------------------------------------------
     0 | D:1      | CageOfCrows the Human Fighter began the quest for the Orb.
     0 | D:1      | Reached XP level 1. HP: 18/18 MP: 1/1
   233 | D:1      | Reached XP level 2. HP: 23/24 MP: 2/2
   518 | D:2      | Reached XP level 3. HP: 13/29 MP: 3/3
  1252 | D:2      | Reached XP level 4. HP: 25/35 MP: 4/4
  1560 | D:2      | Found a glowing golden altar of the Shining One.
  1843 | D:3      | Reached XP level 5. HP: 37/41 MP: 5/5
  1974 | D:4      | Reached skill level 1 in Dodging
  2086 | D:4      | Reached skill level 1 in Maces & Flails
  2086 | D:4      | Reached skill level 1 in Throwing
  2086 | D:4      | Reached XP level 6. HP: 35/47 MP: 6/6
  2480 | D:5      | Entered Level 5 of the Dungeon
  2489 | D:5      | Noticed an ogre
  2490 | D:6      | Noticed a phantom
  2731 | D:3      | Reached skill level 1 in Stealth
  2864 | D:3      | Found a shimmering altar of Xom.
  2883 | D:3      | Noticed Sigmund
  2912 | D:3      | Killed from afar by Sigmund

Illustrated notes

Levels and vault maps discovered:
D:1:      dpeg_arrival_rooms_b, layout_loops_ring
D:2:      layout_basic, nicolae_overflow_hidden_temple, first_ration,
          serial_curves, eino_curves_04, eino_curves_01
D:3:      layout_loops_ring, gammafunk_temple_overflow_pools,
          grunt_temple_overflow_open, uniq_sigmund
D:4:      layout_loops_ring, uniq_ijyb
D:5:      layout_rooms, minmay_temple_entry_gardened_gates, serial_shops,
          nicolae_shop_temple_entry_statues_fountains, uniq_menkaure
D:6:      layout_basic, lemuel_crystal_altar, uniq_prince_ribbit1, uniq_maggie

Skill      XL: |  1  2  3  4  5  6 |
---------------+-------------------+-----
Long Blades    | 3 |  3.0
Dodging        | 1 |  1.7
Maces & Flails | 1 2 |  2.1
Throwing       | 1 |  1.7
Shields        | 4 |  4.1
Armour         | 4 |  4.1
Stealth        | 1 |  1.1
Fighting       | |  3.6

Action                   |  1- 3 |  4- 6 || total
-------------------------+-------+-------++-------
Melee: Long sword        |    99 |    30 ||   129
       Mace              |       |   110 ||   110
Throw: Stone             |     3 |       ||     3
       Dart              |     8 |       ||     8
       Boomerang         |     5 |    21 ||    26
  Use: Potion            |     2 |       ||     2
       Scroll            |     4 |    10 ||    14
 Stab: Invisible         |     2 |       ||     2
  Eat: Chunk             |     1 |     6 ||     7
Armor: Scale mail        |    85 |    79 ||   164
Dodge: Dodged            |    49 |    35 ||    84
Block: Kite shield       |    72 |    67 ||   139
       Rpst.: Long sword |    14 |     3 ||    17
